 Dungeon Crawl Stone Soup version 0.29-a0-876-gfc89b1a5bd (webtiles) character file.

Game seed: 5072400718774069909

31 jlumianski the Chiller (level 3, -4/20 (24) HPs)
             Began as a Demonspawn Ice Elementalist on July 19, 2022.
             Slain by a necrophage (7 damage)
             ... on level 2 of the Dungeon.
             The game lasted 00:07:27 (1947 turns).

jlumianski the Chiller (DsIE)                       Turns: 1947, Time: 00:07:28

HP:   -4/20 (24)    AC:  3    Str:  8    XL:     3   Next: 7%
MP:   4/6           EV: 11    Int: 18    God:
Gold: 65            SH:  0    Dex: 13    Spells: 2/6 levels left

rFire   . . .      SeeInvis .   h - +0 spear (freeze)
rCold   . . .      Faith    .   (no shield)
rNeg    . . .      Spirit   .   i - +0 leather armour
rPois   .          Reflect  .   (no helmet)
rElec   .          Harm     .   (no cloak)
rCorr   .          Rampage  .   (no gloves)
Will    .....                   (no boots)
Stlth   ++........              n - amulet of regeneration
HPRegen 0.86/turn               (no ring)
MPRegen 0.10/turn               (no ring)

@: heavily drained
A: weakness stinger 2, sense surroundings 1, wild magic 1
a: no special abilities


You were on level 2 of the Dungeon.
You visited 1 branch of the dungeon, and saw 2 of its levels.

You collected 65 gold pieces.

Inventory:

Hand Weapons
 c - a +0 dagger
 d - a +0 short sword
 h - a +0 spear of freezing (weapon)
Missiles
 e - 23 stones
 m - 3 atropa-tipped darts
 o - 6 poisoned darts (quivered)
Armour
 a - a +0 robe
 i - a +0 leather armour (worn)
Jewellery
 n - an amulet of regeneration (around neck)
Scrolls
 g - 4 scrolls of identify {unknown}
 j - a scroll of noise {unknown}
Potions
 b - a potion of magic
 f - a potion of mutation
 k - a potion of attraction {unknown}
 l - 2 potions of brilliance {unknown}


   Skills:
 + Level 0.1 Fighting
 + Level 0.1 Polearms
 + Level 1.9 Dodging
 + Level 1.8 Stealth
 + Level 2.4 Spellcasting
 + Level 4.2 Ice Magic


You had 2 spell levels left.
You knew the following spells:

 Your Spells              Type           Power      Damage    Failure   Level
a - Freeze                Ice            88%        1d10      8%          1
b - Frozen Ramparts       Ice            44%        1d6       21%         3

Your spell library contained the following spells:

 Spells                   Type           Power      Damage    Failure   Level
 Ozocubu's Armour         Ice            22%        N/A       21%         3
 Hailstorm                Conj/Ice       12%        3d5       78%         4


Dungeon Overview and Level Annotations

Branches:
Dungeon (2/15)

Altars:


Innate Abilities, Weirdness & Mutations

You have a tail ending in a sharp stinger.
You passively map a small area around you.
Your spells are a little harder to cast, but a little more powerful.


Message History

The wall freezes the endoplasm.
You kill the endoplasm!
The necrophage resists.
The wall freezes the necrophage.
The necrophage misses you.
You hit the necrophage but do no damage.
The necrophage is moderately damaged.
The necrophage resists.
The wall freezes the necrophage.
The necrophage closely misses you.
The necrophage resists.
The wall freezes the necrophage.
The necrophage barely misses you.
You barely miss the necrophage.
The necrophage is heavily damaged.
The necrophage completely resists.
The wall freezes the necrophage but does no damage.
The necrophage barely misses you.
You hit the necrophage but do no damage.
The necrophage is heavily damaged.
The necrophage resists.
The wall freezes the necrophage.
The necrophage hits you!
You hit the necrophage.
You tail-slap the necrophage, but do no damage.
The necrophage is heavily damaged.
The frozen ramparts melt away.
The necrophage hits you.
You feel drained.
You hit the necrophage.
The necrophage is severely damaged.
The necrophage hits you.
* * * LOW HITPOINT WARNING * * *
You barely miss the necrophage.
The necrophage is severely damaged.
The necrophage barely misses you.
You closely miss the necrophage.
The necrophage is severely damaged.
The necrophage hits you.
* * * LOW HITPOINT WARNING * * *
You feel drained.
* * * LOW HITPOINT WARNING * * *
It was a potion of mutation.
You feel extremely strange.
You feel less in control of your magic.
You feel a strange attunement to the structure of the dungeons.
The necrophage hits you!
You die...

###.............# *, *
#......##.....# *
#.............#######J
####.####.............
#.# #..###.###### *
#.# #..###.# #.#
#...##.# #.# ##n.##n#
* #.# #..##@# * *,
######.# #..##.# * *
.......# #..##.. ,,, *
, ###....#####..#####*
* #.#...n.....# *, *
#.########.## *, * #.#
#.# * #n###### #.#
#....n.# #.# * *


You could see a necrophage.

Vanquished Creatures
  A dart slug (D:1)
  5 ball pythons (D:1)
  4 endoplasms
  A giant cockroach (D:1)
  4 goblins
  2 hobgoblins
  3 bats (D:1)
  3 frilled lizards
  3 kobolds (D:1)
  2 rats (D:1)
28 creatures vanquished.

Notes
Turn   | Place    | Note
-------+----------+-------------------------------------------
     0 | D:1      | jlumianski the Demonspawn Ice Elementalist began the quest
                  | for the Orb.
     0 | D:1      | Reached XP level 1. HP: 13/13 MP: 3/3
   329 | D:1      | Found a faded altar of an unknown god.
   425 | D:1      | Gained mutation: You have a small tail. [demonic ancestry]
   425 | D:1      | Reached XP level 2. HP: 11/19 MP: 0/5
   446 | D:1      | Reached skill level 4 in Ice Magic
  1887 | D:2      | Noticed a necrophage
  1890 | D:2      | Gained mutation: You have a tail ending in a sharp stinger.
                  | [demonic ancestry]
  1890 | D:2      | Reached XP level 3. HP: 24/24 MP: 6/6
  1930 | D:1      | Learned a level 3 spell: Frozen Ramparts
  1947 | D:2      | Gained mutation: Your spells are a little harder to cast,
                  | but a little more powerful. [potion of mutation]
  1947 | D:2      | Gained mutation: You passively map a small area around you.
                  | [potion of mutation]
  1947 | D:2      | Slain by a necrophage

Illustrated notes

Levels and vault maps discovered:
D:1:      lemuel_arrival_funnel, layout_loops_ring,
          hellmonk_ecumenical_altar_inner_sanctum
D:2:      layout_loops_ring, nrook_mini_backslash, uniq_natasha

Skill      XL: |  1  2 |
---------------+-------+-----
Ice Magic      | 4 |  4.2
Fighting       | |  0.1
Polearms       | |  0.1
Dodging        | |  1.9
Stealth        | |  1.8
Spellcasting   | |  2.4

Action                   || total
-------------------------++-------
Melee: Unarmed           ||     1
       Spear             ||    19
       Dagger            ||     6
       Short sword       ||     3
       Tailslap          ||     3
       Punch             ||     1
 Cast: Freeze            ||    34
       Frozen Ramparts   ||     1
  Use: Potion            ||     1
 Stab: Sleeping          ||     4
Armor: Robe              ||     8
       Leather armour    ||     1
Dodge: Dodged            ||    54

Table legend: (Time is in decaauts)
 A = Elapsed time spent in this place.
 B = Non-inter-level travel time spent in this place.
 C = Inter-level travel time spent in this place.
 D = Time resting spent in this place.
 E = Time spent auto-exploring this place.
 F = Levels seen in this place.
 G = Mean time per level.
                   A        B        C        D        E       F      G
               +--------+--------+--------+--------+--------+-----+--------+
         Total |   1950 |   1934 |     16 |    559 |    887 |   2 |  975.0 |
       Dungeon |   1950 |   1934 |     16 |    559 |    887 |   2 |  975.0 |
               +--------+--------+--------+--------+--------+-----+--------+

Top non-repeatable levels by time:
     D:1: 1734 daAuts
     D:2: 216 daAuts
